 Dungeon Crawl Stone Soup version 0.25.1-2-g60ff931df9 (webtiles) character file.

Game seed: 15824999613264744387

42 DogServant the Insei (level 3, -4/28 HPs)
             Began as a Draconian Transmuter on Nov 10, 2020.
             Slain by Sigmund
             ... wielding a +0 scythe
              (9 damage)
             ... on level 2 of the Dungeon.
             The game lasted 00:01:28 (2057 turns).

DogServant the Insei (Draconian Transmuter)         Turns: 2057, Time: 00:01:28

Health: -4/28      AC:  2    Str: 12    XL:     3   Next: 33%
Magic:  3/6        EV: 19    Int: 13    God:
Gold:   74         SH:  0    Dex: 17    Spells: 0/6 levels left

rFire    . . .     SeeInvis .     - Unarmed
rCold    . . .     Gourm    .   (shield currently unavailable)
rNeg     . . .     Faith    .   (armour unavailable)
rPois    x         Spirit   .   (helmet currently unavailable)
rElec    .         Reflect  .   (cloak currently unavailable)
rCorr    .         Harm     .   (gloves currently unavailable)
MR       .....                  (boots currently unavailable)
Stlth    ++........             (no amulet)
HPRegen  0.09/turn              (no ring)
MPRegen  0.10/turn              (no ring)

@: spider-form (expiring)
A: tiny, unfitting armour, AC +5
a: End Transformation


You were on level 2 of the Dungeon.
You were not hungry.
You were a venomous arachnid creature.
You visited 1 branch of the dungeon, and saw 2 of its levels.

You collected 74 gold pieces.

Inventory:

Missiles
 a - 36 arrows
Scrolls
 b - a scroll of noise {unknown}
 e - a scroll of amnesia {unknown}
 g - a scroll of remove curse {unknown}
 h - a scroll of fog {unknown}
 i - a scroll of identify {unknown}
 j - a scroll of random uselessness {unknown}
Potions
 d - a potion of cancellation {unknown}
Comestibles
 c - 2 rations
 f - a chunk of flesh


   Skills:
 + Level 1.2 Fighting
 + Level 1.9 Dodging
 - Level 0.5 Stealth
 + Level 3.6 Unarmed Combat
 - Level 2.3 Spellcasting
 + Level 2.5 Transmutations


You couldn't memorise any spells.
You knew the following spells:

 Your Spells              Type           Power        Failure   Level  Hunger
a - Beastly Appendage     Tmut           #.....       22%         1    #......
b - Sticks to Snakes      Tmut           #.......     30%         2    ###....
c - Spider Form           Tmut/Pois      #.........   63%         3    ###....

Your spell library contained the following spells:

 Spells                   Type           Power        Failure   Level  Hunger
 Ice Form                 Ice/Tmut       #.......     93%         4    #####..
 Blade Hands              Tmut           #.........   98%         5    ######.


Dungeon Overview and Level Annotations

Branches:
Dungeon (2/15)

Altars:

Annotations:
D:2 Sigmund


Innate Abilities, Weirdness & Mutations

((Your plain brown scales are hard. (AC +5)))
You cannot fit into any form of body armour.
((You are cold-blooded and may be slowed by cold attacks.))


Message History

You bite the rat!
You kill the rat!
Sigmund barely misses you.
You barely miss Sigmund. Sigmund misses you.
You hit Sigmund.
Sigmund is lightly wounded.
Sigmund smiles chillingly.
Sigmund hits you with a +0 scythe!
Ouch! That really hurt!
You barely miss Sigmund.
Sigmund is lightly wounded.
You hit Sigmund.
Sigmund is moderately wounded.
Sigmund points at you and mumbles some strange words.
The puff of flame hits you!
* * * LOW HITPOINT WARNING * * *
You bite Sigmund!
Sigmund is heavily wounded.
Sigmund hits you with a +0 scythe!
You die...

### # # # #### #
#?.#### ###... #
#.!†..####..#... #
#..#........#...##
#s†#...÷....#.....
#.@.#..##'#..###..#
#...####..#### #..#
##..+ #..8######.#
#..# ##.......#..
...# ##....)..'..
...# #..8######..
+### #..##......>
##+###.#####


You could see Sigmund.

Vanquished Creatures
  A worm (D:2)
  2 dart slugs (D:2)
  2 leopard geckos (D:2)
  3 hobgoblins (D:2)
  2 jackals (D:1)
  7 kobolds
  A ball python (D:2)
  A bat (D:1)
  2 frilled lizards
  7 goblins
  7 rats
35 creatures vanquished.

Notes
Turn   | Place    | Note
-------+----------+-------------------------------------------
     0 | D:1      | DogServant the Draconian Transmuter began the quest for the
                  | Orb.
     0 | D:1      | Reached XP level 1. HP: 16/16 MP: 3/3
   442 | D:1      | Reached XP level 2. HP: 20/23 MP: 3/5
  1210 | D:2      | Found a faded altar of an unknown god.
  1271 | D:2      | Reached XP level 3. HP: 23/28 MP: 4/6
  1971 | D:2      | Learned a level 2 spell: Sticks to Snakes
  1975 | D:2      | Learned a level 3 spell: Spider Form
  2005 | D:2      | Noticed Sigmund
  2057 | D:2      | Slain by Sigmund

Illustrated notes

Levels and vault maps discovered:
D:1:      minmay_arrival_jagged, layout_basic
D:2:      minmay_chambers_of_twos, layout_basic,
          chequers_ecumenical_altar_simple_redux, eino_curves_03, uniq_sigmund

Action                   || total
-------------------------++-------
Melee: Unarmed           ||   108
       Tailslap          ||    10
       Headbutt          ||     6
       Kick              ||     3
 Cast: Beastly Appendage ||    21
       Spider Form       ||     1
  Eat: Chunk             ||     4
Armor: Skin              ||    18
Dodge: Dodged            ||    52
